Map: Arctic Flowers LE

Players

Scaramouche

  • Race: Terran Terran
  • League: Diamond
  • Spawn Location: 1:00

telemaque

  • Race: Protoss Protoss
  • Spawn Location: 1:00

Ekelpack - Winner!

  • Race: Zerg Zerg
  • Spawn Location: 7:00

Nyck - Winner!

  • Race: Terran Terran
  • Spawn Location: 7:00

VOD

Have the link to the VOD?

Description

Time

  • Played on: April 8, 2025, 3:28 p.m.
  • Length: 19:34
Show
View Real Time Build Order
Export as new Build Order

Scaramouche Terran 

Build Orders: 2 Factory, Mech 

Get SALT Encoding   

  12  0:00  SCV  
  13  0:12  SCV  
  14  0:23  Supply Depot  
  14  0:24  SCV  
  15  0:44  SCV  
  15  0:48  Barracks  
  15  0:49  Refinery  
  16  0:56  SCV  
  17  1:01  Refinery  
  17  1:08  SCV  
  18  1:20  SCV  
  19  1:35  Barracks Reactor  
  19  1:37  Supply Depot  
  19  1:39  Orbital Command  
  19  1:53  Factory  
  19  2:05  SCV  
  20  2:15  Reaper x2  
  22  2:17  SCV  
  23  2:33  SCV  
  24  2:40  Hellion  
  24  2:41  Command Center  
  26  2:54  Reaper x2  
  28  3:03  SCV  
  29  3:15  SCV  
  30  3:25  Factory  
  30  3:28  SCV  
  31  3:43  Barracks Tech Lab  
  31  3:52  SCV  
  31  3:53  Hellion x2  
  36  3:56  Orbital Command  
  36  4:04  SCV  
  37  4:14  Hellion x2  
  37  4:17  SCV  
  42  4:22  Factory  
  42  4:24  SCV  
  42  4:28  Supply Depot  
  42  4:29  SCV  
  42  4:31  Supply Depot  
  44  4:36  SCV  
  45  4:41  SCV  
  46  4:47  Barracks Tech Lab  
  46  4:50  Siege Tank, Hellion x2  
  53  4:53  SCV x2, Engineering Bay  
  53  4:54  Supply Depot  
  53  4:56  Supply Depot  
  53  4:59  Supply Depot  
  55  5:03  Mag-Field Accelerator  
  55  5:05  SCV x2  
  57  5:13  Hellion  
  59  5:14  Refinery  
  59  5:17  SCV x2  
  59  5:18  Cyclone  
  59  5:21  Infernal Pre-Igniter  
  64  5:26  Supply Depot  
  64  5:55  Command Center  
  64  5:57  SCV x2  
  64  6:00  Command Center  
  66  6:06  Supply Depot  
  66  6:07  Cyclone  
  66  6:11  SCV x2, Armory  
  70  6:15  Cyclone  
  74  6:19  Supply Depot  
  74  6:21  Widow Mine  
  74  6:22  Widow Mine  
  71  6:34  Missile Turret  
  71  6:37  Missile Turret  
  71  6:39  Cyclone  
  69  6:53  Widow Mine x3  
  75  6:59  Refinery  
  75  7:02  SCV, Missile Turret  
  76  7:08  Missile Turret  
  76  7:15  Missile Turret  
  76  7:25  Missile Turret, Widow Mine x2  
  76  7:29  Orbital Command  
  80  7:40  SCV x2  
  82  7:52  SCV x2  
  84  8:01  Thor x2, Widow Mine x2  
  84  8:04  SCV  
  101  8:09  SCV x2  
  103  8:16  SCV  
  104  8:21  Planetary Fortress  
  104  8:32  Widow Mine x2  
  108  8:38  Missile Turret  
  108  8:42  SCV, Missile Turret  
  108  8:52  SCV  
  108  8:53  Thor  
  108  8:54  SCV  
  112  9:07  Widow Mine x2  
  116  9:16  SCV x2  
  118  9:17  SCV  
  118  9:23  Terran Vehicle Weapons Level 1, Command Center  
  119  9:25  Command Center  
  119  9:30  Factory  
  119  9:35  Armory  
  119  9:36  Refinery  
  123  9:38  Widow Mine x2  
  123  9:40  Missile Turret  
  123  9:42  SCV x2  
  125  9:49  Supply Depot x2  
  125  10:09  Refinery  
  125  10:10  SCV, Thor  
  125  10:11  Siege Tank, Hellion x2  
  139  10:15  Factory Tech Lab  
  139  10:17  Factory  
  139  10:25  Terran Vehicle And Ship Armor Level 1, Missile Turret  
  139  10:29  SCV x2  
  139  10:34  SCV  
  142  10:35  Supply Depot  
  142  10:39  Supply Depot  
  142  10:41  SCV  
  143  10:48  Thor x2  
  143  10:49  Hellion x2  
  159  10:50  Drilling Claws  
  159  10:59  Siege Tank  
  162  11:05  Factory Tech Lab  
  162  11:10  Hellion x2  
  164  11:29  Terran Vehicle Weapons Level 2  
  164  11:31  SCV x3  
  166  11:38  Hellion x2  
  166  11:39  Hellion x3  
  175  11:52  Command Center  
  175  11:53  Planetary Fortress  
  175  11:55  SCV x3  
  178  12:07  SCV  
  179  12:14  Widow Mine x3  
  185  12:16  Refinery  
  185  12:19  Refinery  
  185  12:22  Supply Depot  
  185  12:23  Supply Depot  
  185  12:26  Command Center  
  185  12:42  Hellion  
  185  12:43  Terran Vehicle And Ship Armor Level 2  
  185  12:44  Cyclone, Hellion x2  
  194  12:45  Cyclone x2  
  194  12:48  Command Center  
  194  13:08  Hellion  
  194  13:12  Hellion x2  
  176  13:23  Cyclone  
  176  13:24  Cyclone x2  
  179  13:33  Cyclone  
  182  13:35  Starport  
  182  13:37  Orbital Command  
  182  13:39  Orbital Command  
  182  13:42  Starport  
  182  13:44  SCV x4  
  186  13:50  Widow Mine x2  
  186  13:51  Terran Vehicle Weapons Level 3  
  190  13:56  SCV  
  190  13:59  Command Center  
  191  14:16  SCV x3  
  194  14:28  Missile Turret  
  194  14:30  Missile Turret  
  194  14:32  Thor, Missile Turret  
  194  14:34  Missile Turret  
  200  14:38  Starport Reactor x2  
  200  14:40  Starport  
  148  15:14  Thor  
  148  15:15  Thor  
  148  15:20  Thor  
  140  15:27  Liberator x4  
  150  15:28  Starport Reactor  
  150  15:53  Thor  
  150  15:54  Hellion x2  
  160  15:57  Thor  
  160  16:04  SCV x3  
  168  16:09  SCV x3  
  172  16:12  Thor  
  172  16:16  SCV  
  179  16:21  Planetary Fortress  
  179  16:31  Missile Turret  
  179  16:37  Missile Turret  
  179  16:38  Thor x2  
  191  16:40  Terran Vehicle And Ship Armor Level 3  
  191  16:41  Terran Ship Weapons Level 1  
  191  16:53  Command Center  
  191  17:03  Sensor Tower  
  191  17:10  Fusion Core  
  191  17:26  Thor  
  191  17:27  Hellion  
  199  17:42  Siege Tank  
  194  17:45  Thor  
  194  17:46  Hellion x2  
  167  18:03  Viking x4  
  167  18:04  Viking  
  171  18:06  Thor  
  171  18:08  Hellion  
  171  18:09  Hellion  
  181  18:15  Hellion x2  
  183  18:28  Hellion  
  183  18:30  Hellion x2  
  189  18:40  Widow Mine x2, Viking x3  
  193  18:49  Hellion  
  170  19:00  Hellion  
Show
View Real Time Build Order
Export as new Build Order

telemaque Protoss 

Build Orders:  

Get SALT Encoding   

  12  0:00  Probe  
  13  0:12  Probe  
  14  0:21  Pylon  
  14  0:25  Probe  
  15  0:39  Probe  
  15  0:40  Gateway  
  16  0:50  Probe  
  16  0:51  Assimilator  
  17  0:58  Probe  
  18  1:06  Probe  
  19  1:18  Probe  
  20  1:56  Cybernetics Core  
  20  1:58  Nexus  
  20  2:01  Probe  
  20  2:05  Pylon  
  20  2:06  Assimilator  
  21  2:10  Probe  
  21  2:19  Probe  
  22  2:29  Stalker, Pylon  
  22  2:31  Probe  
  22  2:32  Pylon  
  23  2:43  Probe  
  26  2:54  Stalker  
  26  2:55  Probe  
  26  2:57  Shield Battery  
  29  3:05  Forge  
  29  3:07  Probe  
  30  3:21  Stalker, Pylon  
  30  3:25  Probe x2  
  34  3:33  Probe  
  34  3:37  Probe  
  36  3:41  Probe  
  37  3:52  Probe, Stargate  
  38  4:00  Robotics Facility  
  38  4:04  Probe x2  
  38  4:09  Stalker  
  40  4:16  Probe x2  
  44  4:23  Photon Cannon  
  44  4:28  Probe x2, Photon Cannon  
  46  4:40  Shield Battery, Probe  
  46  4:42  Photon Cannon  
  47  4:47  Pylon  
  47  4:48  Assimilator  
  47  4:52  Assimilator, Probe x2  
  49  4:57  Observer  
  50  5:04  Probe x2  
  52  5:14  Void Ray  
  56  5:16  Immortal  
  60  5:23  Photon Cannon  
  60  5:30  Probe  
  61  5:42  Probe  
  62  5:47  Stalker  
  62  5:55  Immortal  
  72  6:01  Void Ray  
  72  6:10  Robotics Bay  
  72  6:13  Stargate  
  72  6:20  Pylon  
  72  6:23  Pylon  
  72  6:30  Pylon  
  76  6:42  Void Ray  
  76  6:51  Photon Cannon  
  76  6:54  Photon Cannon  
  76  7:04  Phoenix  
  76  7:08  Photon Cannon  
  76  7:11  Phoenix, Photon Cannon  
  80  7:24  Stargate  
  80  7:26  Phoenix  
  82  7:36  Phoenix  
  84  7:51  Phoenix  
  84  8:01  Phoenix  
  86  8:07  Photon Cannon  
  86  8:08  Phoenix  
  86  8:11  Photon Cannon  
  88  8:16  Phoenix  
  90  8:26  Phoenix  
  92  8:27  Protoss Air Weapons Level 1  
  92  8:33  Phoenix  
  94  8:41  Phoenix  
  96  8:55  Nexus  
  96  8:58  Pylon  
  96  9:00  Pylon  
  96  9:05  Pylon  
  96  9:08  Pylon  
  94  9:12  Assimilator  
  94  9:15  Assimilator  
  92  9:30  Shield Battery  
  92  9:33  Shield Battery  
  92  9:37  Shield Battery  
  92  9:40  Photon Cannon  
  92  9:42  Photon Cannon  
  92  9:43  Probe x2  
  94  9:45  Photon Cannon  
  94  9:50  Photon Cannon  
  94  9:52  Photon Cannon  
  102  9:54  Void Ray x2, Photon Cannon  
  102  9:55  Probe x2  
  102  9:56  Photon Cannon  
  102  9:57  Protoss Shields Level 1  
  108  10:01  Void Ray  
  108  10:07  Probe x2  
  110  10:15  Stargate  
  110  10:18  Twilight Council  
  110  10:19  Probe x2  
  112  10:24  Cybernetics Core  
  112  10:28  Probe  
  112  10:30  Probe  
  112  10:31  Probe  
  116  10:42  Probe  
  116  10:54  Probe  
  125  10:59  Void Ray x2  
  133  11:04  Void Ray  
  133  11:07  Probe  
  133  11:09  Void Ray  
  133  11:11  Protoss Air Armor Level 1  
  134  11:19  Probe  
  134  11:24  Fleet Beacon  
  135  12:11  Flux Vanes  
  135  12:12  Nexus  
  135  12:15  Assimilator  
  147  12:16  Protoss Shields Level 2  
  147  12:19  Void Ray x3  
  147  12:20  Assimilator  
  147  12:25  Pylon  
  147  12:27  Pylon  
  147  12:30  Pylon  
  147  12:32  Extended Thermal Lance  
  147  12:33  Pylon  
  147  12:37  Pylon  
  147  12:42  Colossus  
  157  12:48  Void Ray  
  157  12:50  Shield Battery  
  157  12:53  Shield Battery  
  157  12:58  Shield Battery  
  157  13:02  Photon Cannon  
  157  13:04  Photon Cannon  
  157  13:06  Probe  
  157  13:07  Probe x2  
  157  13:09  Photon Cannon  
  157  13:10  Photon Cannon  
  160  13:12  Photon Cannon  
  160  13:15  Photon Cannon  
  160  13:18  Probe  
  160  13:19  Probe  
  162  13:33  Protoss Air Weapons Level 2  
  162  13:36  Observer, Protoss Air Armor Level 2  
  162  13:40  Robotics Facility  
  163  13:41  Robotics Facility  
  163  13:43  Robotics Facility  
  163  13:49  Carrier  
  151  15:09  Immortal x3  
  151  15:10  Immortal  
  151  15:12  Carrier x2  
  151  15:13  Carrier x2  
  191  15:15  Protoss Shields Level 3  
  187  15:48  Immortal x2  
  187  15:49  Immortal  
  195  16:09  Observer  
  196  16:27  Observer x2  
  133  17:58  Void Ray x3, Immortal x4  
  139  17:59  Void Ray  
  137  18:37  Immortal x3  
  137  18:38  Immortal  
  169  18:41  Void Ray x3  
  169  18:42  Void Ray  
Show
View Real Time Build Order
Export as new Build Order

Ekelpack Zerg - Winner!

Build Orders: Hatch First 

Get SALT Encoding   

  12  0:00  Drone  
  13  0:12  Overlord  
  13  0:18  Drone  
  14  0:31  Drone x2  
  14  0:34  Drone  
  17  0:53  Hatchery  
  17  0:54  Drone  
  17  0:59  Extractor  
  17  1:00  Drone  
  17  1:14  Spawning Pool  
  17  1:16  Drone  
  17  1:20  Drone  
  18  1:28  Drone  
  19  1:38  Drone  
  20  2:01  Queen  
  20  2:03  Metabolic Boost  
  20  2:06  Drone, Queen  
  25  2:12  Drone  
  25  2:15  Overlord  
  26  2:18  Drone  
  26  2:21  Drone  
  28  2:27  Extractor  
  28  2:28  Drone  
  28  2:34  Drone  
  29  2:40  Lair  
  29  2:47  Drone  
  29  2:49  Drone x2  
  32  2:54  Drone  
  32  2:58  Zergling x2  
  34  3:01  Drone  
  35  3:08  Overlord  
  36  3:12  Drone  
  36  3:19  Overlord  
  36  3:26  Drone  
  36  3:27  Drone x2  
  39  3:29  Zergling x4  
  39  3:30  Zergling x2  
  42  3:45  Zergling x2, Spire  
  42  3:46  Zergling x8  
  42  3:47  Overlord  
  46  3:54  Queen  
  48  3:58  Zergling x8  
  52  4:09  Drone  
  53  4:11  Extractor x2  
  50  4:24  Drone  
  51  4:34  Drone  
  51  4:37  Overlord  
  52  4:49  Overlord  
  52  4:50  Overlord  
  52  4:59  Mutalisk x5  
  54  5:01  Overlord  
  54  5:03  Zerg Flyer Weapons Level 1  
  62  5:13  Mutalisk  
  64  5:22  Mutalisk x3  
  64  5:27  Drone  
  64  5:28  Drone x3  
  74  5:42  Hatchery  
  73  6:06  Queen  
  75  6:12  Drone  
  75  6:13  Drone  
  75  6:15  Evolution Chamber  
  76  6:22  Infestation Pit  
  76  6:24  Overlord  
  75  6:25  Evolution Chamber  
  72  6:48  Mutalisk x8  
  72  6:50  Zergling x10  
  72  6:51  Zergling x4  
  95  6:57  Drone x2  
  97  7:02  Hive  
  97  7:10  Drone x3  
  100  7:20  Drone x3  
  100  7:22  Extractor  
  102  7:23  Overlord  
  102  7:24  Extractor  
  101  7:37  Drone x4, Overlord  
  105  7:38  Overlord x3  
  105  8:09  Drone x4  
  109  8:13  Zerg Melee Weapons Level 1  
  109  8:14  Zerg Ground Armor Level 1  
  109  8:18  Ultralisk Cavern, Adrenal Glands  
  76  9:17  Ultralisk  
  76  9:18  Ultralisk x5  
  76  9:19  Zergling x4  
  76  9:20  Zergling x18  
  123  9:26  Overlord x2  
  123  9:46  Anabolic Synthesis  
  123  9:58  Hatchery  
  122  10:07  Overlord x3  
  117  10:23  Ultralisk x2  
  129  10:28  Chitinous Plating  
  129  10:54  Overseer x2  
  129  11:06  Overseer  
  129  11:19  Ultralisk  
  129  11:20  Pneumatized Carapace, Ultralisk x4  
  159  11:28  Drone x2  
  157  11:41  Zerg Melee Weapons Level 2  
  157  11:42  Zerg Ground Armor Level 2  
  157  11:48  Extractor  
  157  11:51  Extractor  
  155  11:55  Drone x13  
  155  11:58  Overlord  
  168  12:48  Ultralisk  
  168  12:49  Ultralisk x4  
  168  12:50  Zergling x2  
  199  13:10  Drone x2  
  196  13:32  Drone x4  
  180  14:10  Zergling x22  
  180  14:11  Zergling x18  
  180  14:15  Zerg Melee Weapons Level 3  
  180  14:16  Zerg Ground Armor Level 3  
  200  14:43  Spore Crawler  
  200  14:45  Spore Crawler, Overlord x3  
  198  14:46  Overlord  
  193  14:55  Overlord x3  
  193  14:56  Overlord  
  193  14:59  Queen  
  173  15:14  Ultralisk x5  
  191  15:28  Ultralisk  
  191  15:29  Zergling x4  
  191  15:30  Zergling x2  
  200  16:36  Hydralisk Den  
  199  16:48  Hatchery  
  199  16:50  Zergling x2  
  199  16:51  Zergling x6  
  199  16:59  Extractor  
  198  17:03  Zergling x6, Extractor  
  200  17:41  Ultralisk  
  200  17:42  Ultralisk x2  
  200  17:43  Ultralisk  
  200  17:44  Ultralisk  
  200  17:45  Ultralisk x3  
  200  17:46  Ultralisk  
  200  17:47  Ultralisk x3  
  200  17:49  Ultralisk x2  
  200  17:50  Zergling x6, Ultralisk x2  
  200  17:51  Zergling x6  
  163  18:00  Zergling x4  
  165  18:07  Zergling x6  
  165  18:08  Zergling x50  
  165  18:09  Zergling x2  
  194  18:25  Ultralisk  
  197  18:52  Zergling x2, Ultralisk x3  
  197  18:53  Zergling x6  
  197  19:07  Zergling x4  
  194  19:17  Zergling x4  
Show
View Real Time Build Order
Export as new Build Order

Nyck Terran - Winner!

Build Orders:  

Get SALT Encoding   

  12  0:00  SCV  
  13  0:12  SCV  
  14  0:18  Supply Depot  
  14  0:25  SCV  
  15  0:39  SCV  
  15  0:42  Barracks  
  16  0:48  Refinery  
  16  0:52  SCV  
  16  0:54  Refinery  
  17  1:04  SCV  
  19  1:18  SCV  
  19  1:23  Barracks  
  19  1:30  Barracks  
  19  1:31  Reaper  
  20  1:45  Orbital Command  
  20  2:14  SCV  
  21  2:20  Barracks Tech Lab, Barracks Reactor x2  
  21  2:24  Supply Depot  
  21  2:26  SCV  
  22  2:38  SCV  
  24  2:51  SCV  
  24  3:03  SCV  
  24  3:08  Command Center  
  24  3:11  Reaper x4  
  28  3:14  Supply Depot  
  28  3:16  SCV  
  29  3:34  Engineering Bay  
  29  3:36  Supply Depot, Engineering Bay  
  29  3:46  Reaper x2  
  31  3:49  Reaper x2  
  31  3:52  SCV  
  34  4:04  SCV  
  34  4:09  Terran Infantry Weapons Level 1  
  35  4:10  Terran Infantry Armor Level 1  
  35  4:16  SCV  
  35  4:22  Reaper x2  
  35  4:23  Reaper x2  
  40  4:28  Reaper  
  40  4:44  SCV  
  40  4:45  Orbital Command  
  41  4:47  Refinery  
  41  4:56  SCV  
  42  5:00  Marine x3  
  42  5:01  Marine x2  
  42  5:04  Combat Shield  
  47  5:08  SCV  
  48  5:17  Refinery  
  48  5:19  SCV  
  48  5:20  SCV  
  50  5:31  SCV  
  50  5:32  SCV  
  50  5:43  SCV  
  50  5:49  SCV  
  52  5:55  SCV  
  53  6:01  SCV  
  54  6:07  SCV  
  54  6:08  Command Center  
  55  6:11  Factory  
  55  6:12  Marine x4  
  55  6:13  SCV, Marine  
  61  6:19  SCV  
  61  6:20  Supply Depot  
  61  6:23  Stimpack  
  62  6:31  SCV  
  63  6:33  SCV  
  64  6:42  Supply Depot  
  64  6:43  SCV  
  64  6:45  SCV  
  66  6:55  SCV  
  66  6:57  SCV  
  65  7:05  Supply Depot  
  65  7:07  SCV  
  66  7:09  SCV  
  67  7:18  Factory Reactor  
  67  7:19  SCV, Starport  
  67  7:21  SCV  
  67  7:22  Missile Turret  
  69  7:23  Armory  
  69  7:28  Supply Depot  
  69  7:29  Orbital Command  
  69  7:31  SCV  
  69  7:37  Marine x5  
  70  7:40  SCV  
  70  7:43  SCV, Missile Turret  
  77  7:51  Supply Depot  
  77  7:52  SCV  
  77  7:54  Marine  
  79  8:04  Starport, Factory Reactor  
  79  8:05  Marine x2  
  79  8:06  Marine x2  
  79  8:11  Armory  
  83  8:13  Starport  
  83  8:14  Supply Depot  
  83  8:15  Terran Vehicle And Ship Armor Level 1  
  83  8:22  SCV x3  
  86  8:27  Refinery  
  86  8:29  Refinery  
  86  8:30  Marine x5  
  86  8:32  Medivac x2  
  96  8:34  SCV x3  
  96  8:37  Supply Depot  
  97  8:59  Supply Depot  
  93  9:18  Viking  
  93  9:19  Viking  
  93  9:20  Starport Reactor  
  97  9:34  Supply Depot  
  97  9:38  Terran Infantry Armor Level 2, Terran Infantry Weapons Level 2  
  97  9:40  Terran Ship Weapons Level 1  
  97  9:50  Factory Tech Lab  
  97  9:56  Supply Depot  
  97  10:18  Supply Depot  
  97  10:20  Terran Vehicle And Ship Armor Level 2  
  97  10:21  Supply Depot  
  97  10:30  Command Center, Viking  
  97  10:31  Viking x4  
  97  10:32  Viking  
  109  10:38  Starport, Command Center  
  109  10:44  SCV x3  
  110  11:32  SCV x3  
  113  11:33  Marine x4  
  113  11:34  Marine  
  113  11:36  Siege Tank  
  113  11:38  Viking x5  
  113  11:39  Viking  
  133  11:41  Terran Ship Weapons Level 2  
  133  11:52  Starport Reactor  
  133  11:53  SCV  
  133  11:54  SCV x2, Marine x2  
  136  11:55  Marine x3  
  136  11:57  Terran Infantry Armor Level 3  
  136  11:58  Terran Infantry Weapons Level 3  
  141  12:09  Supply Depot  
  141  12:11  SCV x3  
  141  12:13  Siege Tank  
  141  12:14  Viking x3  
  141  12:15  Viking x3  
  159  12:19  Planetary Fortress  
  159  12:27  Missile Turret  
  159  12:31  Sensor Tower  
  159  12:32  Supply Depot  
  159  12:33  SCV x3  
  159  12:36  Orbital Command  
  162  12:40  Missile Turret  
  162  12:41  Missile Turret  
  162  12:48  SCV x3  
  162  12:49  Marine x5  
  170  12:52  Siege Tank  
  170  12:53  Viking  
  170  12:54  Viking x3  
  170  12:56  Supply Depot  
  177  13:06  SCV x4  
  177  13:10  SCV  
  182  13:17  Marine x5  
  182  13:18  SCV x4  
  182  13:19  Supply Depot  
  191  13:21  Viking x2  
  191  13:22  Viking x2  
  199  13:35  Marine  
  200  13:42  Supply Depot  
  200  13:43  Command Center x2  
  200  14:00  Refinery x2  
  200  14:03  Terran Vehicle And Ship Armor Level 3  
  200  14:04  Terran Ship Weapons Level 3  
  200  14:07  Supply Depot  
  200  14:20  Refinery  
  200  14:23  Refinery  
  200  14:34  Neosteel Armor  
  200  14:35  Fusion Core, Hi-Sec Auto Tracking  
  198  14:50  Viking  
  198  15:20  Caduceus Reactor  
  198  15:23  Viking  
  194  15:52  Viking  
  194  15:53  Viking x2  
  200  16:21  Weapon Refit  
  200  16:56  Planetary Fortress  
  200  17:01  Refinery  
  200  17:06  Terran Vehicle Weapons Level 1  
  148  18:14  Viking x8  
  158  18:44  Viking x8  
Tags
 
Add a new tag
Caveats
  • Supply blocks, unpowered buildings, or Contaminate may cause inaccurate times.
  • Supply counts are checked every 10 seconds.